 Dungeon Crawl Stone Soup version 0.30-a0-1074-g5db6f66fbb (webtiles) character file.

Game seed: 4897755693313662340

2311 bmack86 the Cleaver (level 9, -3/78 HPs)
             Began as a Minotaur Fighter on Apr 13, 2023.
             Was a Priest of Okawaru.
             Killed from afar by Maggie (16 damage)
             ... with a bolt of fire
             ... on level 6 of the Dungeon.
             The game lasted 00:16:15 (5308 turns).

bmack86 the Cleaver (Minotaur Fighter)              Turns: 5308, Time: 00:16:15

Health: -3/78      AC: 14    Str: 31    XL:     9   Next: 18%
Magic:  8/10       EV: 10    Int:  5    God:    Okawaru [***...]
Gold:   301        SH:  6    Dex: 10    Spells: 8/8 levels left

rFire   . . .      SeeInvis .    a - +1 war axe
rCold   . . .      Faith    .    c - +0 buckler
rNeg    . . .      Spirit   .    m - +0 chain mail
rPois   .          Reflect  .    (helmet restricted)
rElec   .          Rampage  .    (no cloak)
rCorr   .                        (no gloves)
Will    .....                    j - +1 pair of boots Stlth
                                 (no amulet)
HPRegen 0.33/turn                g - ring of flight
MPRegen 0.12/turn                x - +6 ring of strength

@: heroic, flying, studying Long Blades
A: horns 2, retaliatory headbutt
a: Renounce Religion, Heroism


You were on level 6 of the Dungeon.
You worshipped Okawaru.
Okawaru was most pleased with you.
You visited 2 branches of the dungeon, and saw 7 of its levels.

You collected 301 gold pieces.

Inventory:

Hand Weapons
 a - a +1 war axe (weapon)
 t - a +0 war axe
Missiles
 i - 9 poisoned darts
 u - 7 boomerangs (quivered)
Armour
 b - a +0 scale mail
 c - a +0 buckler (worn)
 j - a +1 pair of boots (worn)
 m - a +0 chain mail (worn)
Jewellery
 g - a ring of flight (left hand)
 x - a +6 ring of strength (right hand)
Wands
 e - a wand of mindburst (8)
 v - a wand of quicksilver (17)
Scrolls
 f - a scroll of magic mapping
 h - 3 scrolls of teleportation
 n - 3 scrolls of fear
 s - a scroll of enchant weapon
 w - a scroll of blinking
 y - 2 scrolls of vulnerability {unknown}
 z - a scroll of brand weapon {unknown}
Potions
 d - a potion of might
 k - a potion of berserk rage {unknown}
 l - a potion of attraction
 o - 2 potions of flight
 p - 3 potions of lignification
 q - 2 potions of brilliance {unknown}
 r - a potion of cancellation {unknown}
 A - a potion of haste {unknown}


   Skills:
 + Level 6.6(11.6) Fighting
 * Level 8.3(13.3) Axes
 + Level 4.5(9.5) Throwing
 + Level 6.7(11.7) Armour
 + Level 6.7(11.7) Shields
 + Level 3.8 Invocations


You had 8 spell levels left.
You didn't know any spells.
Your spell library contained the following spells:

 Spells                   Type           Power      Damage    Failure   Level
 Ignite Poison            Fire/Tmut/Pois 0%         N/A       99%         3
 Sticky Flame             Conj/Fire      0%         2d3       100%        4
 Ignition                 Fire           0%         3d3       100%        8


Dungeon Overview and Level Annotations

Branches:
Dungeon (6/15)             Temple (1/1) D:4

Altars:
Ashenzari
Dithmenos
Elyvilon
Fedhas
Gozag
Hepliaklqana
Kikubaaqudgha
Nemelex Xobeh
Okawaru
Qazlal
Ru
Sif Muna
Trog
Uskayaw
Vehumet
Wu Jian
Zin
The Shining One

Shops:
D:2 (

Annotations:
D:6 Maggie


Innate Abilities, Weirdness & Mutations

You have a pair of horns on your head.
You reflexively headbutt those who attack you in melee.


Message History

Maggie is moderately wounded.
Maggie hits you but does no damage.
You barely miss Maggie.
Maggie is moderately wounded.
Maggie hits you with a +0 war axe.
You slash Maggie!
Maggie is heavily wounded.
Maggie hits you with a +0 war axe!
You hit Maggie.
Maggie is heavily wounded.
Maggie casts a spell at you. The bolt of fire hits you!
* * * LOW HITPOINT WARNING * * *
You hit Maggie.
Maggie is heavily wounded.
You break out of your daze.
Maggie barely misses you.
You slash Maggie! Your headbutt misses Maggie.
Maggie is severely wounded.
Maggie gestures wildly while chanting.
Maggie attempts to bespell you! You resist.
You hit Maggie.
Maggie is severely wounded.
Maggie gestures at you while chanting. The bolt of fire hits you!
* * * LOW HITPOINT WARNING * * *
You block Maggie's attack.
Okay, then.
You gain the combat prowess of a mighty hero.
Maggie hits you but does no damage.
You hit Maggie but do no damage.
Maggie is severely wounded.
Maggie says, "How do the people who live here stand the isolation?"
Maggie casts a spell.
Maggie attempts to bespell you! You resist with almost no effort.
You hit Maggie.
Maggie is severely wounded.
Maggie casts a spell at you. The bolt of fire hits you!
You die...

#...##...##...
##†..#..##....
#...####.....
##.†.##......
#.†.#......#
##.†......#
#... #.......#
... ##.@...##
#.. #@...## ..
##..## #. '.##
+. #### ######
#..... #.#...
#.## .. ##


You could see Maggie.

Vanquished Creatures
  Prince Ribbit (D:6)
  Sigmund (D:6)
  Edmund (D:6)
  A water moccasin (D:6)
  2 ogres
  2 centaurs (D:4)
  A phantom (D:6)
  2 bullfrogs (D:6)
  4 scorpions
  4 wights (D:6)
  2 howler monkeys
  3 jellies
  An orc priest (D:5)
  2 hounds (D:6)
  2 sleepcaps (D:6)
  3 iguanas (D:6)
  3 orc wizards
  Ijyb (D:3)
  Robin (D:3)
  12 adders
  A shadow imp (D:6)
  A white imp (D:6)
  An ufetubus (D:5)
  2 worms (D:2)
  5 dart slugs
  17 orcs
  7 ball pythons
  7 bats
  9 endoplasms
  5 giant cockroaches
  17 goblins
  7 hobgoblins
  8 jackals
  5 kobolds
  2 quokkas
  2 frilled lizards (D:1)
  6 rats
151 creatures vanquished.

Vanquished Creatures (others)
  2 plants (D:5)
2 creatures vanquished.

Grand Total: 153 creatures vanquished

Notes
Turn   | Place    | Note
-------+----------+-------------------------------------------
     0 | D:1      | bmack86 the Minotaur Fighter began the quest for the Orb.
     0 | D:1      | Reached XP level 1. HP: 19/19 MP: 0/0
    90 | D:1      | Reached XP level 2. HP: 21/27 MP: 1/1
   153 | D:1      | Reached skill level 3 in Axes
   424 | D:1      | Reached skill level 1 in Throwing
   424 | D:1      | Reached XP level 3. HP: 33/33 MP: 2/2
  1160 | D:2      | Found Ithuycud's Antique Weapon Boutique.
  1182 | D:2      | Reached XP level 4. HP: 40/40 MP: 3/3
  1669 | D:2      | Reached skill level 4 in Axes
  1795 | D:2      | Reached XP level 5. HP: 47/47 MP: 4/4
  1846 | D:3      | Noticed Robin
  1856 | D:3      | Killed Robin
  2189 | D:3      | Found an iron altar of Okawaru.
  2194 | D:3      | Became a worshipper of Warmaster Okawaru
  2219 | D:3      | Noticed Ijyb
  2230 | D:3      | Killed Ijyb
  2231 | D:3      | Reached XP level 6. HP: 25/53 MP: 5/5
  2335 | D:3      | Found a radiant altar of Vehumet.
  2567 | D:4      | Reached skill level 5 in Axes
  2569 | D:4      | Reached * piety under Okawaru
  2570 | D:4      | Reached skill level 5 in Armour
  2570 | D:4      | Reached skill level 1 in Invocations
  2688 | D:4      | Reached skill level 5 in Fighting
  2688 | D:4      | Reached skill level 5 in Shields
  2688 | D:4      | Reached XP level 7. HP: 39/61 MP: 6/6
  2876 | D:4      | Found a staircase to the Ecumenical Temple.
  2952 | Temple   | Entered the Ecumenical Temple
  3066 | D:4      | Found a stormy altar of Qazlal.
  3069 | D:4      | Found a white marble altar of Elyvilon.
  3173 | D:4      | Found a bloodstained altar of Trog.
  3198 | D:4      | Found a glowing silver altar of Zin.
  3201 | D:4      | Found a glowing golden altar of the Shining One.
  3431 | D:5      | Entered Level 5 of the Dungeon
  3450 | D:5      | Found an ornate altar of the Wu Jian Council.
  3727 | D:5      | Found a hide-covered altar of Uskayaw.
  3925 | D:5      | Reached skill level 6 in Axes
  4368 | D:6      | Reached XP level 8. HP: 26/69 MP: 5/8
  4538 | D:6      | Noticed Prince Ribbit
  4553 | D:6      | Killed Prince Ribbit
  4553 | D:6      | Reached ** piety under Okawaru
  4560 | D:6      | Reached skill level 7 in Axes
  4917 | D:6      | Noticed Edmund
  4918 | D:6      | Found a shimmering blue altar of Sif Muna.
  4928 | D:6      | Killed Edmund
  5142 | D:6      | Reached skill level 8 in Axes
  5256 | D:6      | Reached *** piety under Okawaru
  5257 | D:6      | Reached XP level 9. HP: 78/78 MP: 10/10
  5276 | D:6      | Noticed Sigmund
  5282 | D:6      | Killed Sigmund
  5290 | D:6      | Noticed Maggie
  5308 | D:6      | Killed from afar by Maggie

Illustrated notes

Levels and vault maps discovered:
D:1:      minmay_arrival_four_circles, layout_basic, minmay_statues_item
D:2:      layout_loops_cross, serial_shops, shop, minmay_misc_feat_nine_boxes
D:3:      layout_rooms, mainiacjoe_overflow_alcove_4,
          mainiacjoe_overflow_surrounded_room, uniq_ijyb, uniq_robin
D:4:      layout_basic, trog_book, nicolae_overflow_hidden_temple,
          temple_doors_e, minmay_manual_mares
D:5:      layout_loops_ring, mainiacjoe_overflow_alcove_2,
          mainiacjoe_overflow_cross_hatched, serial_bayou_pond_e, minivault_5,
          minivault_26, chequers_serial_rivers_room_b
D:6:      minmay_razor_zed, layout_basic, mainiacjoe_overflow_tiny_flanked,
          uniq_sigmund, uniq_edmund, uniq_maggie, uniq_prince_ribbit1
Temple:   nicolae_temple_ecumenical_triangle

Skill      XL: |  1  2  3  4  5  6  7  8 |
---------------+-------------------------+-----
Axes           | 3 4 5 6 8 |  8.3
Throwing       | 1 2 3 4 |  4.5
Armour         | 4 5 6 |  6.7
Fighting       | 4 5 6 |  6.6
Shields        | 4 5 6 |  6.7
Invocations    | 1 2 3 |  3.8

Action                     |  1- 3 |  4- 6 |  7- 9 || total
---------------------------+-------+-------+-------++-------
  Melee: War axe           |    82 |   102 |   141 ||   325
         Headbutt          |     7 |    12 |    27 ||    46
  Throw: Dart              |    23 |     7 |    10 ||    40
         Boomerang         |       |     4 |    11 ||    15
 Invoke: Heroism           |       |       |     3 ||     3
    Use: Scroll            |     1 |     8 |     1 ||    10
 Armour: Scale mail        |    52 |     3 |       ||    55
         Chain mail        |       |   103 |    72 ||   175
  Dodge: Dodged            |    54 |    49 |    61 ||   164
  Block: Buckler           |    27 |    43 |    33 ||   103

Table legend: (Time is in decaauts)
 A = Elapsed time spent in this place.
 B = Non-inter-level travel time spent in this place.
 C = Inter-level travel time spent in this place.
 D = Time resting spent in this place.
 E = Time spent auto-exploring this place.
 F = Levels seen in this place.
 G = Mean time per level.
                   A        B        C        D        E       F      G
               +--------+--------+--------+--------+--------+-----+--------+
         Total |   5398 |   5272 |    126 |    199 |   3437 |   7 |  771.1 |
       Dungeon |   5349 |   5223 |    126 |    199 |   3418 |   6 |  891.5 |
        Temple |     48 |     48 |      0 |      0 |     19 |   1 |   48.0 |
               +--------+--------+--------+--------+--------+-----+--------+

Top non-repeatable levels by time:
     D:6: 1077 daAuts
     D:1: 1071 daAuts
     D:4: 913 daAuts
     D:5: 816 daAuts
     D:2: 806 daAuts
     D:3: 663 daAuts
  Temple: 48 daAuts
